 Dungeon Crawl Stone Soup version 0.28-a0-1236-gb25a51b929 (webtiles) character file.

Game seed: 11461237599786274549

7 donnydurka the Skirmisher (level 1, 0/20 HPs)
             Began as a Minotaur Berserker on Dec 25, 2021.
             Was a Follower of Trog.
             Succumbed to a goblin's poison
             ... on level 1 of the Dungeon.
             The game lasted 00:00:42 (158 turns).

donnydurka the Skirmisher (Minotaur Berserker)       Turns: 158, Time: 00:00:43

Health: 0/20       AC:  2    Str: 21    XL:     1   Next: 83%
Magic:  0/0        EV: 12    Int:  4    God:    Trog [*.....]
Gold:   0          SH:  0    Dex:  9    Spells: 0/0 levels left

rFire   . . .      SeeInvis .   a - +0 spear
rCold   . . .      Faith    .   (no shield)
rNeg    . . .      Spirit   .   b - +0 animal skin
rPois   .          Reflect  .   (helmet restricted)
rElec   .          Harm     .   (no cloak)
rCorr   .          Rampage  .   (no gloves)
Will    .....                   (no boots)
Stlth   +.........              (no amulet)
HPRegen 0.06/turn               (no ring)
MPRegen 0.07/turn               (no ring)

@: lethally poisoned (0 -> -4)
A: horns 2, retaliatory headbutt
a: Renounce Religion, Berserk


You were on level 1 of the Dungeon.
You worshipped Trog.
Trog was aware of your devotion.
You visited 1 branch of the dungeon, and saw 1 of its levels.

Inventory:

Hand Weapons
 a - a +0 spear (weapon)
Armour
 b - a +0 animal skin (worn)


   Skills:
 + Level 3.9 Fighting
 + Level 3.9 Polearms
 + Level 2.5 Armour
 + Level 2.2 Dodging


You couldn't memorise any spells.
You didn't know any spells.
Your spell library was empty.

Dungeon Overview and Level Annotations

Branches:
Dungeon (1/15)

Altars:


Innate Abilities, Weirdness & Mutations

You have a pair of horns on your head.
You reflexively headbutt those who attack you in melee.


Message History

The goblin shouts!
You hear an angry hiss.
A hobgoblin comes into view.
The hobgoblin shouts!
The jackal stops to sniff the ground.
A frilled lizard comes into view.
The frilled lizard hisses angrily.
You hit the hobgoblin but do no damage. The hobgoblin hits you.
You barely miss the hobgoblin. You closely miss the goblin.
The hobgoblin hits you.
The goblin hits you with a +1 dagger of venom.
You are lethally poisoned!
You closely miss the goblin. You headbutt the goblin.
You kill the goblin!
Trog accepts your kill.
You feel very sick. The hobgoblin barely misses you. You furiously retaliate!
You headbutt the hobgoblin!
You kill the hobgoblin!
Trog accepts your kill.
You barely miss the jackal. Your headbutt misses the jackal.
You feel sick.
The jackal bites you but does no damage.
You hit the jackal but do no damage.
* * * LOW HITPOINT WARNING * * *
You feel sick.
The jackal bites you but does no damage.
The jackal barely misses you.
You hit the jackal.
The jackal is heavily wounded.
* * * LOW HITPOINT WARNING * * *
You feel sick. The jackal misses you. The jackal closely misses you.
The jackal bites you.
* * * LOW HITPOINT WARNING * * *
The jackal bites you but does no damage.
You barely miss the jackal.
The jackal is heavily wounded.
* * * LOW HITPOINT WARNING * * *
You feel sick. The jackal barely misses you. x2
You hit the jackal but do no damage.
The jackal is heavily wounded.
You die...

#.# #.# #.# #.#
#####.####.## #.#
#............
#.###.###.####.## ##
#....)........... #..
#.###.######...## #...
#.###.######.#.##
##....##................
.....lh@...#............
......#h...#.######.####
...## #....#.# #.# .
#....#.######.#
..............#
.............###
#####..#....8.####
#.........≈≈≈#
#........≈≈≈§#


You could see 2 jackals and a frilled lizard.

Vanquished Creatures
  A dart slug (D:1)
  2 goblins (D:1)
  A hobgoblin (D:1)
4 creatures vanquished.

Notes
Turn   | Place    | Note
-------+----------+-------------------------------------------
     0 | D:1      | donnydurka the Minotaur Berserker began the quest for the
                  | Orb.
     0 | D:1      | Reached XP level 1. HP: 19/19 MP: 0/0
   157 | D:1      | HP: 1/20 [poisoned by a goblin]
   158 | D:1      | Succumbed to a goblin's poison

Illustrated notes

Levels and vault maps discovered:
D:1:      grunt_arrival_lava_bath, layout_basic, serial_shops, shop_fountains

Action                   || total
-------------------------++-------
Melee: Spear             ||    13
       Headbutt          ||     2
Armor: Animal skin       ||     4
Dodge: Dodged            ||     7

Table legend: (Time is in decaauts)
 A = Elapsed time spent in this place.
 B = Non-inter-level travel time spent in this place.
 C = Inter-level travel time spent in this place.
 D = Time resting spent in this place.
 E = Time spent auto-exploring this place.
 F = Levels seen in this place.
 G = Mean time per level.
                   A        B        C        D        E       F      G
               +--------+--------+--------+--------+--------+-----+--------+
         Total |    156 |    156 |      0 |    100 |     35 |   1 |  156.0 |
       Dungeon |    156 |    156 |      0 |    100 |     35 |   1 |  156.0 |
               +--------+--------+--------+--------+--------+-----+--------+

Top non-repeatable levels by time:
     D:1: 156 daAuts
